 Dungeon Crawl Stone Soup version 0.25-a0-310-g60f0ac2 (webtiles) character file.

Game seed: 17595899079253163277, levelgen mode: deterministic

182 MrTaco21 the Cudgeler (level 5, -1/45 HPs)
             Began as a Minotaur Fighter on Dec 23, 2019.
             Slain by a gnoll
             ... wielding a +0 spear
              (2 damage)
             ... on level 3 of the Dungeon.
             The game lasted 00:04:16 (1510 turns).

MrTaco21 the Cudgeler (Minotaur Fighter)            Turns: 1510, Time: 00:04:16

Health: -1/45      AC:  6    Str: 21    XL:     5   Next: 34%
Magic:  4/4        EV:  7    Int:  5    God:
Gold:   79         SH:  9    Dex: 10    Spells: 4/4 levels left

rFire    . . .     SeeInvis .   j - +3 whip (venom)
rCold    . . .     Gourm    .   c - +0 shield
rNeg     . . .     Faith    .   b - +0 scale mail
rPois    .         Spirit   .   (helmet restricted)
rElec    .         Reflect  .   (no cloak)
rCorr    .         Harm     .   (no gloves)
MR       .....                  (no boots)
Stlth    ..........             (no amulet)
HPRegen  0.15/turn              h - ring of attention (curse)
MPRegen  0.09/turn              (no ring)

@: no status effects
A: retaliatory headbutt, horns 2
a: no special abilities


You were on level 3 of the Dungeon.
You were not hungry.

You visited 1 branch of the dungeon, and saw 3 of its levels.

You collected 79 gold pieces.

Inventory:

Hand Weapons
 j - a +3 whip of venom (weapon)
   (You took it off a kobold on level 1 of the Dungeon)
Armour
 b - a +0 scale mail (worn)
 c - a +0 shield (worn)
 g - a +0 large shield
   (You found it on level 1 of the Dungeon)
Jewellery
 h - a cursed ring of attention (left hand)
   (You found it on level 1 of the Dungeon)
Scrolls
 f - 2 scrolls of remove curse {@r2}
 k - a scroll of magic mapping {unknown}
 l - 2 scrolls of identify {@r1}
 n - a scroll of immolation {unknown}
 o - a scroll of amnesia {unknown}
 p - a scroll of enchant armour {unknown}
 r - a scroll of teleportation {unknown}
Potions
 a - a potion of brilliance {unknown}
 d - 3 potions of might
 m - a potion of agility {unknown}
 q - a potion of haste {unknown}
Comestibles
 e - 8 rations {!d}
 i - 6 chunks of flesh


   Skills:
 - Level 3.6 Fighting
 + Level 6.8 Maces & Flails
 - Level 3.6 Armour
 - Level 3.6 Shields


You had 4 spell levels left.
You didn't know any spells.
Your spell library was empty.

Dungeon Overview and Level Annotations

Branches:
Dungeon (3/15)

Altars:


Innate Abilities, Weirdness & Mutations

You reflexively headbutt those who attack you in melee.
You have a pair of horns on your head.


Message History

A rat comes into view.
The gnoll hits you with a +0 halberd!
You hit the gnoll.
The gnoll looks as sick as possible!
Your headbutt misses the gnoll. You block the gnoll's attack.
The gnoll hits you from afar with a +0 spear.
The worm bites you but does no damage. You block the gnoll's attack.
You closely miss the gnoll.
You kill the gnoll!
You block the gnoll's attack.
The gnoll hits you from afar with a +0 spear!
* * * LOW HITPOINT WARNING * * *
The worm bites you but does no damage.
You see here a rat corpse.
You whack the worm!
The worm is poisoned.
You headbutt the worm. The gnoll completely misses you.
You hit the worm.
The worm looks as sick as possible!
The gnoll hits you from afar with a +0 spear.
* * * LOW HITPOINT WARNING * * *
You barely miss the worm.
You headbutt the worm, but do no damage.
The gnoll hits you from afar with a +0 spear.
* * * LOW HITPOINT WARNING * * *
The worm bites you but does no damage. You block the gnoll's attack.
You hit the worm but do no damage.
The worm looks as sick as possible!
The gnoll hits you from afar with a +0 spear.
* * * LOW HITPOINT WARNING * * *
You block the gnoll's attack. You block the worm's attack.
You hit the worm.
The worm looks as sick as possible!
You headbutt the worm.
You kill the worm!
The gnoll barely misses you.
Unknown command.
Unknown command.
You hit the rat. You headbutt the rat.
You kill the rat!
The gnoll barely misses you.
Unknown command.
The gnoll closely misses you. You furiously retaliate!
You headbutt the gnoll. You block the gnoll's attack.
You see here a rat corpse.
Unknown command.
You closely miss the gnoll. The gnoll hits you with a +0 spear.
* * * LOW HITPOINT WARNING * * *
The gnoll hits you with a +0 spear!
* * * LOW HITPOINT WARNING * * *
You hit the gnoll.
The gnoll is poisoned.
The gnoll barely misses you. You furiously retaliate!
You headbutt the gnoll. You block the gnoll's attack.
The gnoll hits you from afar with a +0 spear.
* * * LOW HITPOINT WARNING * * *
The gnoll hits you from afar with a +0 spear.
You die...

.g..............
...............% #. #.
###........ . #.
##..........
#.###..#..^..... ##
#.#...##))...... ...
####.......gg......
#..##....).####†####...
#....###.## #@## ..#
###.....÷####..#...##
##.....#....÷.......
#...######......##.#
####.#.#### #.####.....
............... .....
#...#..#######.. .....
#.###.## ... ..... ..#
..# .... .


You could see 2 gnolls.

Vanquished Creatures
  A crimson imp (D:2)
  Jessica (D:3)
  Terence (D:2)
  3 gnolls
  An adder (D:2)
  A worm (D:3)
  A ball python (D:1)
  6 bats (D:1)
  7 giant cockroaches
  7 goblins
  5 hobgoblins (D:1)
  4 jackals (D:3)
  4 frilled lizards
  5 kobolds
  11 rats
58 creatures vanquished.

Vanquished Creatures (others)
  5 toadstools (D:1)
5 creatures vanquished.

Grand Total: 63 creatures vanquished

Notes
Turn   | Place    | Note
-------+----------+-------------------------------------------
     0 | D:1      | MrTaco21 the Minotaur Fighter began the quest for the Orb.
     0 | D:1      | Reached XP level 1. HP: 19/19 MP: 0/0
    28 | D:1      | Reached skill level 3 in Maces & Flails
    55 | D:1      | Reached XP level 2. HP: 24/26 MP: 1/1
   185 | D:1      | Reached skill level 4 in Maces & Flails
   189 | D:1      | Reached XP level 3. HP: 29/31 MP: 2/2
   843 | D:2      | Noticed Terence
   851 | D:2      | Killed Terence
   851 | D:2      | Reached skill level 5 in Maces & Flails
   851 | D:2      | Reached XP level 4. HP: 26/39 MP: 3/3
   997 | D:2      | Reached skill level 6 in Maces & Flails
  1386 | D:3      | Noticed Jessica
  1396 | D:3      | Killed Jessica
  1396 | D:3      | Reached XP level 5. HP: 33/45 MP: 4/4
  1510 | D:3      | HP: 1/45 [gnoll/+0 spear (2)]
  1510 | D:3      | Slain by a gnoll

Levels and vault maps discovered:
D:1:      ldierk_walled_garden, layout_basic, st_stairs_1
D:2:      layout_rooms, serial_glass, glass_columns_b, glass_columns_c,
          st_stairs_1, uniq_terence
D:3:      layout_rooms, first_ration, uniq_jessica

Skill      XL: |  1  2  3  4 |
---------------+-------------+-----
Maces & Flails | 3 4 5 6 |  6.8
Fighting       | |  3.6
Armour         | |  3.6
Shields        | |  3.6

Action                   |  1- 3 |  4- 6 || total
-------------------------+-------+-------++-------
Melee: Flail             |    59 |       ||    59
       Headbutt          |    11 |     9 ||    20
       Whip              |    10 |    50 ||    60
  Use: Scroll            |       |     4 ||     4
  Eat: Chunk             |       |     2 ||     2
Armor: Scale mail        |    29 |    18 ||    47
Dodge: Dodged            |    13 |    20 ||    33
Block: Shield            |    32 |    33 ||    65

Table legend:
 A = Non-vault XP
 B = Vault XP
 C = Vault XP percentage of total XP
 D = Non-vault monster count
 E = Vault monster count
 F = Vault count percentage of total count
                 A         B        C        D         E       F
            +---------+---------+-------+---------+---------+-------
      Total |     123 |     137 |  52.7 |      52 |       6 |  10.3
            +---------+---------+-------+---------+---------+-------
        D:1 |      50 |      15 |  23.1 |      32 |       2 |   5.9
        D:2 |      17 |      85 |  83.3 |       3 |       3 |  50.0
        D:3 |      56 |      37 |  39.8 |      17 |       1 |   5.6
            +---------+---------+-------+---------+---------+-------
